[Event "*** Titled Tuesday Blitz"]
[Site "Chess.com"]
[Date "2020.12.29"]
[Round "8"]
[White "1f3_2g41-0"]
[Black "Denis_Palkovich"]
[Result "1-0"]
[WhiteElo "2433"]
[BlackElo "2302"]
[TimeControl "180+1"]
[EndTime "11:27:27 PST"]
[Termination "1f3_2g41-0 won on time"]

1. e4 c6 2. d4 d5 3. e5 c5 4.
dxc5 e6 5. a3 Bxc5 6. b4 Bb6 7.
Bb2 Ne7 8. Nf3 O-O 9. Bd3 Ng6 10. O-O Nc6 11. Nbd2 f6 12. Bxg6 hxg6 13. Qe2 f5 14. c4 dxc4 15. Nxc4 Ne7 16. Rfd1 Nd5 17. Bd4 Bxd4 18.
Rxd4 Qe7 19. Ne3 Nxe3 20. Qxe3 Bd7 21. Rad1 Bc6 22. Qg5 Rfe8 23. Qxg6 Qf7 24. Qxf7+ Kxf7 25. Ng5+ Ke7 26. Rd6 Bd5 27. Rc1 Rac8 28. Rd1 Red8 29. Rxd8 Rxd8 30. Rc1 Kd7 31. Nf7 Rc8 32. Rxc8 Kxc8 33. Nd6+ Kc7 34. Ne8+ Kc6 35. Nxg7 Kb5 36. h4 f4 37. f3 Ka4 38. h5 Bc4 39. h6 Bd3 40. Nxe6 Kxa3 41. Nxf4 Bf5 42. e6 Kxb4 43. e7 1-0

[Event "*** Titled Tuesday Blitz"]
[Site "Chess.com"]
[Date "2020.12.29"]
[Round "8"]
[White "GM4life"]
[Black "pavel_skatchkov"]
[Result "0-1"]
[WhiteElo "2440"]
[BlackElo "2578"]
[TimeControl "180+1"]
[EndTime "11:27:28 PST"]
[Termination "pavel_skatchkov won on time"]

1. e4 e5 2. Nf3 d5 3. exd5 e4 4. Qe2 Nf6 5. Nc3 Be7 6. Nxe4 O-O 7. d3 Re8 8. Be3 Nxd5 9. O-O-O f5 10. Ned2 Bf6 11. g3 Nc6 12. Bg2 Qe7 13. Rhe1 Nc3 14.
bxc3 Qa3+ 15. Kb1 Bxc3 16. Nc4 Qb4+ 17. Kc1 Be6 18. Bd2 Bxc4 19. Bxc3 Qxc3 20. Qxe8+ Rxe8 21. Rxe8+ Kf7 22. Rde1 Bxd3 23. Ng5+ Kg6 24. R8e6+ Kxg5 25. f4+ Kg4 26. Bf3+ Kh3 27. Bd1 Nd4 28. R6e3 Nxc2 29.
g4+ Kh4 30. Rxd3 Qxd3 31. Bxc2 Qa3+ 32. Kb1 Qb4+ 0-1

[Event "*** Titled Tuesday Blitz"]
[Site "Chess.com"]
[Date "2020.12.29"]
[Round "8"]
[White "sorrm8thatscheckm8"]
[Black "Pedrada88"]
[Result "1-0"]
[WhiteElo "2513"]
[BlackElo "2360"]
[TimeControl "180+1"]
[EndTime "11:27:29 PST"]
[Termination "sorrm8thatscheckm8 won by checkmate"]

1. d4 Nf6 2. c4 b6 3. a3 e6 4.
Nf3 c5 5. Nc3 cxd4 6. Nxd4 Nc6 7.
e3 Nxd4 8. exd4 d5 9. cxd5 Nxd5 10. Bb5+ Bd7 11. Bd3 Bc6 12. O-O Bd6 13. Qh5 g6 14.
Qh6 Bf8 15. Qh3 Bg7 16. Be3 O-O 17. Rad1 Rc8 18. Ne4 Nxe3 19. fxe3 f5 20. Nc3 Qg5 21. Ne2 e5 22. d5 Bxd5 23. Bxf5 gxf5 24. Rxd5 Rc2 25. Nc3 Rxb2 26. Rd6 Qe7 27. Rdd1 f4 28. Nd5 Qxa3 29. Qh4 Qd6 30. Ne7+ Qxe7 31. Qxe7 fxe3 32.
Rxf8+ Bxf8 33. Qe6+ Kh8 34. Qxe5+ Bg7 35. Rd8# 1-0

[Event "*** Titled Tuesday Blitz"]
[Site "Chess.com"]
[Date "2020.12.29"]
[Round "8"]
[White "Keks2017"]
[Black "StockholmMissile"]
[Result "1-0"]
[WhiteElo "2559"]
[BlackElo "2428"]
[TimeControl "180+1"]
[EndTime "11:27:31 PST"]
[Termination "Keks2017 won on time"]

1. g3 d5 2. Bg2 Nf6 3. d3 e5 4. Nf3 Bd6 5. O-O O-O 6. c3 Re8 7. Qc2 Bg4 8. e4 c6 9. Nbd2 Nbd7 10. b3 a5 11. a3 Bf8 12. Bb2 dxe4 13. dxe4 Nc5 14.
b4 Qd3 15. Qxd3 Nxd3 16. Rab1 axb4 17. cxb4 Nxb2 18. Rxb2 Rxa3 19. h3 Bxf3 20. Bxf3 Rd8 21. Kg2 Rd4 22. Rfb1 Rad3 23. Nb3 Rxb4 24. Na5 Rxb2 25.
Rxb2 c5 26. Rxb7 Rd4 27. Rb8 g6 28. Nc6 Rd6 29. Nxe5 Re6 30. Nd3 c4 31. Nf4 Re5 32. Nd5 Nxd5 33. exd5 Re1 34. Rc8 Kg7 35. Rxc4 Ra1 36.
Rc2 Ra6 37. h4 Rd6 38. Rc7 h5 39. Kf1 Kf6 40. Ke2 Be7 41. Kd3 Rb6 42. Kc2 Bd6 43. Rc8 Rb7 44. Rc6 1-0

[Event "*** Titled Tuesday Blitz"]
[Site "Chess.com"]
[Date "2020.12.29"]
[Round "8"]
[White "stasiek18"]
[Black "cukin84"]
[Result "0-1"]
[WhiteElo "2374"]
[BlackElo "2206"]
[TimeControl "180+1"]
[EndTime "11:27:33 PST"]
[Termination "cukin84 won by resignation"]

1. e4 c6 2. d4 d5 3. Nc3 a6 4. Nf3 Bg4 5. h3 Bh5 6. Be3 e6 7. Qd2 Nf6 8. e5 Nfd7 9. g4 Bg6 10. h4 h5 11. Be2 hxg4 12. Ng5 c5 13. Bxg4 cxd4 14. Bxd4 Nc6 15. f4 Nxd4 16. Qxd4 Bc5 17. Qd2 Qa5 18. h5 O-O-O 19. O-O-O d4 20. Nb1 Bb4 21.
Qxd4 Bxc2 22. Kxc2 Kb8 23. Nc3 Bxc3 24. bxc3 Qxa2+ 25. Kc1 Qa1+ 26. Kc2 Qa2+ 27. Kc1 Qa3+ 28. Kc2 Nc5 29. Qb4 Qa2+ 30. Qb2 Qa4+ 31. Kb1 Qxf4 32. Qg2 Qxg5 33. Rxd8+ Rxd8 34. Rg1 Rd2 35. Bd1 0-1

[Event "*** Titled Tuesday Blitz"]
[Site "Chess.com"]
[Date "2020.12.29"]
[Round "8"]
[White "grunbergmihai"]
[Black "Susal_De_Silva"]
[Result "1/2-1/2"]
[WhiteElo "2450"]
[BlackElo "2566"]
[TimeControl "180+1"]
[EndTime "11:27:34 PST"]
[Termination "Game drawn by repetition"]

1. Nf3 Nf6 2. c4 e6 3. g3 b6 4. Bg2 Bb7 5. O-O g6 6. d4 Bg7 7.
Nc3 Ne4 8. Bf4 O-O 9. Qc2 Nxc3 10. Qxc3 d6 11. Qd2 Nd7 12. Bh6 Qe7 13. Rfd1 f5 14. Bxg7 Kxg7 15. b4 Nf6 16. a3 Rad8 17. Qb2 Bxf3 18.
Bxf3 e5 19. dxe5 dxe5 20. e3 e4 21. Be2 Kh6 22. Rxd8 Rxd8 23. Rd1 Rxd1+ 24. Bxd1 c5 25. Be2 Qd6 26. h4 g5 27. hxg5+ Kxg5 28. Kg2 h5 29. bxc5 bxc5 30. Qb7 Qd7 31. Qb8 Kg6 32. Qe5 Qd2 33. Bxh5+ Nxh5 34. Qe8+ Kh6 35. Qh8+ Kg5 36. Qg8+ Kh6 37.
Qh8+ Kg6 38. Qe8+ Kg5 39. Qg8+ Kf6 40. Qf8+ Kg6 41. Qe8+ 1/2-1/2

[Event "*** Titled Tuesday Blitz"]
[Site "Chess.com"]
[Date "2020.12.29"]
[Round "8"]
[White "Khusenkhojaev"]
[Black "Alekseyviktorovich"]
[Result "1-0"]
[WhiteElo "2446"]
[BlackElo "2318"]
[TimeControl "180+1"]
[EndTime "11:27:34 PST"]
[Termination "Khusenkhojaev won by resignation"]

1. Nf3 d5 2. d4 Nf6 3. c4 c6 4. e3 Bg4 5. Nc3 e6 6. h3 Bh5 7. Qb3 Qb6 8. Ne5 Nbd7 9. g4 Bg6 10. Nxg6 hxg6 11. g5 Ng8 12. Bd2 Be7 13. f4 Qxb3 14.
axb3 Bb4 15. Bd3 Ne7 16. Ke2 a6 17. Nxd5 Nxd5 18. cxd5 Bxd2 19. dxe6 Bb4 20. exd7+ Kxd7 21. h4 Rae8 22. Kf3 Kc7 23. Bc4 Re7 24. e4 Rd8 25. Rad1 f6 26. gxf6 gxf6 27. Rhg1 Rh8 28. Rxg6 Rxh4 29.
Rxf6 Rh2 30. e5 Rxb2 31. Rf7 b5 32. Rxe7+ Bxe7 33. Bg8 a5 34. f5 Bf8 35. f6 a4 36.
bxa4 bxa4 37. e6 Kd6 38. Re1 Rb7 39. e7 Bxe7 40. Re6+ 1-0

[Event "*** Titled Tuesday Blitz"]
[Site "Chess.com"]
[Date "2020.12.29"]
[Round "8"]
[White "andrewtnb"]
[Black "ChessyInstinct"]
[Result "1-0"]
[WhiteElo "2374"]
[BlackElo "2483"]
[TimeControl "180+1"]
[EndTime "11:27:36 PST"]
[Termination "andrewtnb won by resignation"]

1. d4 d5 2. Nf3 Nf6 3. c4 c6 4. cxd5 cxd5 5. Nc3 Nc6 6. Bf4 e6 7. e3 a6 8. Bd3 Be7 9. h3 b5 10. O-O Bb7 11. Rc1 O-O 12. Bb1 Rc8 13. Qe2 Bd6 14. Bxd6 Qxd6 15. Rfd1 Rfd8 16. g4 e5 17. dxe5 Nxe5 18. Nxe5 Qxe5 19. Bf5 Rc7 20. Rd4 g6 21. Bc2 b4 22. Rxb4 d4 23. exd4 Qd6 24. Qe5 Qc6 25. d5 Nxd5 26. Be4 Qc5 27.
Rxb7 Rxb7 28. Bxd5 Rxb2 29. Bxf7+ Kxf7 30. Qxc5 Rdd2 31. Ne4 1-0

[Event "*** Titled Tuesday Blitz"]
[Site "Chess.com"]
[Date "2020.12.29"]
[Round "8"]
[White "amatatanav"]
[Black "Chuchofrio1"]
[Result "1-0"]
[WhiteElo "2429"]
[BlackElo "2273"]
[TimeControl "180+1"]
[EndTime "11:27:39 PST"]
[Termination "amatatanav won by checkmate"]

1. e4 c5 2. Ne2 Nc6 3. g3 g6 4.
Bg2 Bg7 5. c3 e5 6. O-O d6 7.
Na3 Nge7 8. Nc2 O-O 9. d4 cxd4 10. cxd4 Bg4 11. f3 Bd7 12. d5 Nd4 13. Ncxd4 exd4 14. Nxd4 Qb6 15. Be3 Qxb2 16. Rb1 Qxa2 17. Rxb7 Rfd8 18. Qa1 Qxa1 19. Rxa1 f5 20. Raxa7 Rxa7 21. Rxa7 fxe4 22. fxe4 Bf6 23. Rc7 Be8 24. Nc6 Nxc6 25. dxc6 Be5 26. Bb6 Rb8 27. Rb7 Ra8 28. c7 d5 29. exd5 Bd7 30.
Kf2 Bc8 31. Rb8 Rxb8 32. cxb8=Q Bxb8 33. Ke3 Kf7 34. Kd4 Ke7 35. Bc5+ Kd8 36. d6 Be6 37. Ke5 Bd7 38. Bd5 h6 39. Kf6 g5 40. Kg6 Be8+ 41. Kxh6 Kd7 42. Kxg5 Kd8 43. Kf6 Bd7 44. Bf7 Bc6 45. Be6 Bf3 46. Bb6+ Ke8 47. d7+ Kf8 48. d8=Q# 1-0

[Event "*** Titled Tuesday Blitz"]
[Site "Chess.com"]
[Date "2020.12.29"]
[Round "8"]
[White "Meri-Arabidze"]
[Black "realmadridtv"]
[Result "1-0"]
[WhiteElo "2624"]
[BlackElo "2452"]
[TimeControl "180+1"]
[EndTime "11:27:40 PST"]
[Termination "Meri-Arabidze won by resignation"]

1. Nf3 Nf6 2. c4 b6 3. b3 Bb7 4. Bb2 g6 5. e3 Bg7 6. Be2 O-O 7. O-O c5 8. d4 d5 9. dxc5 bxc5 10. cxd5 Qxd5 11. Qxd5 Nxd5 12. Bxg7 Kxg7 13. Rc1 Nd7 14. Nbd2 Rfc8 15. Nc4 a5 16. a4 f6 17. Nfd2 N5b6 18. Rc2 Rc7 19. Rac1 Nxc4 20. Nxc4 Bd5 21. f3 e5 22. e4 Be6 23. Rc3 Rc6 24. Na3 Rb6 25. Bb5 Rc8 26. Nc4 Bxc4 27. Rxc4 Rb7 28. Bxd7 Rxd7 29. Rxc5 Rb8 30. Rb1 Rd2 31. Rxa5 Rc8 32. Rd5 Ra2 33. Kh1 Rcc2 34. Rg1 Rcb2 35. Rb5 h5 36. h4 Kh6 37. Rb6 Kg7 38. Kh2 g5 39.
hxg5 fxg5 40. Kh3 Kh7 41. Rb5 Kg6 42. Rxe5 Rxb3 43. Rd1 g4+ 44. Kg3 Rxf3+ 45. gxf3 h4+ 46. Kxg4 Rg2+ 47. Kxh4 Rh2+ 48. Kg3 1-0

[Event "*** Titled Tuesday Blitz"]
[Site "Chess.com"]
[Date "2020.12.29"]
[Round "8"]
[White "NiranjanNavalgund"]
[Black "Vesper2018"]
[Result "1-0"]
[WhiteElo "2501"]
[BlackElo "2616"]
[TimeControl "180+1"]
[EndTime "11:27:41 PST"]
[Termination "NiranjanNavalgund won by resignation"]

1. e4 c5 2. d4 cxd4 3. c3 d3 4.
Na3 Nc6 5. Nc4 g6 6. h4 h5 7. Ne3 Bg7 8. Bxd3 d6 9. Nf3 Nf6 10. Ng5 O-O 11. f4 e5 12. f5 gxf5 13. Nxf5 Bxf5 14.
exf5 d5 15. O-O Ng4 16. Kh1 Qb6 17. Qe2 e4 18. Bc2 Bf6 19. Rf4 Nce5 20. Rb1 Rfe8 21. Bd2 Nd3 22. Bxd3 exd3 23. Qf3 Bxg5 24. Rxg4 hxg4 25.
Qxg4 Re2 26. Qxg5+ Kf8 27. f6 Qf2 28. Bf4 Rc8 29.
Bd6+ Ke8 30. Qxd5 Rd8 31. Qb5+ Rd7 32. Rg1 Qxh4+ 33. Bh2 d2 34. Qxe2+ Kd8 35. Rd1 Qg5 36. Qf2 Rd3 37. Qxa7 Qh5 38. Qb8+ Kd7 39. Qxb7+ Ke6 40. Qe4+ Kxf6 41. Rf1+ Kg7 42. Qxd3 1-0

[Event "*** Titled Tuesday Blitz"]
[Site "Chess.com"]
[Date "2020.12.29"]
[Round "8"]
[White "rpragchess"]
[Black "OparinGrigoriy"]
[Result "0-1"]
[WhiteElo "2846"]
[BlackElo "2980"]
[TimeControl "180+1"]
[EndTime "11:27:45 PST"]
[Termination "OparinGrigoriy won by resignation"]

1. Nf3 d5 2. g3 Nf6 3. Bg2 c5 4.
O-O g6 5. b3 Bg7 6. Bb2 O-O 7. c4 d4 8. b4 Nfd7 9. d3 a5 10. bxc5 Nxc5 11. Ba3 Nba6 12. Nbd2 Rb8 13. Rb1 b6 14. Qc2 Bd7 15. Nb3 Ba4 16. Qd2 Qd6 17. Rb2 Rfd8 18. Rfb1 Qc7 19. Nxc5 bxc5 20. Rxb8 Rxb8 21.
Rxb8+ Nxb8 22. e3 dxe3 23. Qxe3 Na6 24. Ng5 Nb4 25. Bxb4 axb4 26. Bd5 Be8 27. Ne6 Qd6 28. Nxc5 e6 29. Nb7 Qa6 30. Qe2 Bd4 31. Bf3 Bd7 32.
h4 Bc8 33. Nd8 Bd7 34. Nb7 Qb6 35. Qc2 Qc7 36. c5 Qxg3+ 37. Kf1 Qxf3 0-1

[Event "*** Titled Tuesday Blitz"]
[Site "Chess.com"]
[Date "2020.12.29"]
[Round "8"]
[White "bazar-wokzal"]
[Black "kingofthenil"]
[Result "0-1"]
[WhiteElo "2567"]
[BlackElo "2756"]
[TimeControl "180+1"]
[EndTime "11:27:45 PST"]
[Termination "kingofthenil won on time"]

1. e4 Nc6 2. d4 d5 3. Nc3 dxe4 4. d5 Nb8 5. Bf4 Nf6 6. Bc4 a6 7. f3 b5 8. Bb3 c5 9. dxc6 Qxd1+ 10. Rxd1 Nxc6 11.
fxe4 e5 12. Nd5 Ra7 13. Be3 Rd7 14. Nf3 Nxe4 15. O-O Bc5 16. Bxc5 Nxc5 17. Nb6 Rxd1 18. Rxd1 Nxb3 19. axb3 Bg4 20. Rd6 Bxf3 21. gxf3 Nd4 22. Nd5 Nxf3+ 23. Kf2 Nxh2 24. Rxa6 O-O 25. Ne3 h5 26.
Kg3 Ng4 27. Nf5 g6 28. Ne7+ Kg7 29. Rb6 f5 30. Nxg6 Rf6 31. Rxf6 Kxf6 32. Nh4 Ne3 0-1

[Event "*** Titled Tuesday Blitz"]
[Site "Chess.com"]
[Date "2020.12.29"]
[Round "8"]
[White "Dinamo81"]
[Black "Zhigalko_Sergei"]
[Result "0-1"]
[WhiteElo "2660"]
[BlackElo "2853"]
[TimeControl "180+1"]
[EndTime "11:27:46 PST"]
[Termination "Zhigalko_Sergei won on time"]

1. d4 Nf6 2. Bf4 e6 3. e3 b6 4.
Qf3 d5 5. Nc3 Bb7 6. O-O-O a6 7.
g4 Bd6 8. Nge2 Qe7 9. g5 Nfd7 10. Qg3 Nc6 11. Bxd6 cxd6 12. Nf4 Na5 13. h4 O-O-O 14. b3 Kb8 15. Kb2 Rc8 16. Bg2 Rc7 17. Rd2 Rhc8 18.
Nce2 b5 19. Nh5 g6 20. Nhf4 Nb6 21. Rhd1 Rc6 22. Nd3 R6c7 23. Nb4 Ka7 24. Nf4 Nac4+ 25. bxc4 Nxc4+ 26. Kc1 a5 27. Nbd3 Ba6 28. Nb2 Na3 29.
c4 bxc4 30. Re2 c3 31. Nbd3 Rb8 0-1

[Event "*** Titled Tuesday Blitz"]
[Site "Chess.com"]
[Date "2020.12.29"]
[Round "8"]
[White "vladimirdamjanovic"]
[Black "AlexeiShirov"]
[Result "0-1"]
[WhiteElo "2413"]
[BlackElo "2843"]
[TimeControl "180+1"]
[EndTime "11:27:47 PST"]
[Termination "AlexeiShirov won by resignation"]

1. d4 d5 2. Nc3 Bf5 3. Bf4 c6 4. f3 Nf6 5. e3 Qb6 6. Qd2 Nbd7 7.
O-O-O e6 8. g4 Bg6 9. h4 h6 10. Na4 Qd8 11. Bd3 Bxd3 12. Qxd3 b5 13. Nc3 Qa5 14. Kb1 Nb6 15. Nce2 Nc4 16. Nc1 Qb4 17. Nb3 a5 18. a3 Qe7 19. Nc5 Qa7 20. Qc3 b4 21. Qb3 bxa3 22. Qa4 Bxc5 23. Qxc6+ Nd7 24. dxc5 Nxb2 25. Rd4 O-O 26. Ne2 Rfc8 27. Qd6 Nc4 28. Rxc4 Qb7+ 29. Kc1 dxc4 30. Nd4 Nxc5 31. Kd2 a2 32. g5 hxg5 33. hxg5 Qb1 34. Nf5 Qxh1 35. Ne7+ Kh7 36. g6+ fxg6 37. Qxe6 Nxe6 0-1

[Event "*** Titled Tuesday Blitz"]
[Site "Chess.com"]
[Date "2020.12.29"]
[Round "8"]
[White "Son_of_Sultan"]
[Black "Witik"]
[Result "1-0"]
[WhiteElo "2572"]
[BlackElo "2714"]
[TimeControl "180+1"]
[EndTime "11:27:47 PST"]
[Termination "Son_of_Sultan won by resignation"]

1. Nf3 d5 2. g3 c6 3. Bg2 Bg4 4. O-O Nd7 5. d4 e6 6. c4 Ngf6 7. Nc3 Be7 8. h3 Bh5 9. cxd5 exd5 10. Ne5 O-O 11. f4 c5 12. Be3 Nxe5 13. dxe5 d4 14.
exf6 Bxf6 15. g4 dxc3 16. bxc3 Qa5 17. Rc1 Rfe8 18. Bf2 Qxa2 19. Rc2 Qc4 20. gxh5 Qxf4 21. Bxc5 Qg5 22. Bd4 Bxd4+ 23. cxd4 Qe3+ 24. Kh1 Rad8 25. d5 Re7 26. Qd2 Qg3 27. Qf4 Qb3 28. Rc7 Rxc7 29.
Qxc7 Rf8 30. d6 Qg3 31. Qe7 1-0

[Event "*** Titled Tuesday Blitz"]
[Site "Chess.com"]
[Date "2020.12.29"]
[Round "8"]
[White "Kale36"]
[Black "torsten64"]
[Result "1/2-1/2"]
[WhiteElo "2267"]
[BlackElo "2131"]
[TimeControl "180+1"]
[EndTime "11:27:47 PST"]
[Termination "Game drawn by agreement"]

1. d4 d5 2. Nc3 e6 3. Nf3 Nf6 4. Bg5 Be7 5. Bxf6 Bxf6 6. e4 dxe4 7. Nxe4 Be7 8. c3 Nd7 9. Bd3 Nf6 10. Qc2 Nxe4 11.
Bxe4 g6 12. O-O-O O-O 13. h4 Rb8 14. h5 f5 15. Bd3 g5 16. Bc4 b5 17. Bb3 a5 18. d5 Qe8 19. a4 bxa4 20. Bxa4 Qf7 21. Ne5 Qg7 22. Rde1 Bb7 23. h6 Qf6 24. Nd7 Qf7 25.
dxe6 Qg6 26. Nxf8 Rxf8 27. f4 Be4 28. Rxe4 fxe4 29. fxg5 Bxg5+ 30. Kb1 Bxh6 31. Re1 Bg5 32. Bc6 e3 33. Be4 Qxe6 34. Bxh7+ Kg7 35. Bd3 Qe5 36.
Rh1 Rh8 37. Rd1 Rf8 38. Bc4 Rf2 39. Rd7+ Be7 40. Qd1 e2 41. Rxe7+ Qxe7 42. Qd4+ Qf6 43. Qd7+ Kg6 44. Qg4+ Kh7 1/2-1/2

[Event "*** Titled Tuesday Blitz"]
[Site "Chess.com"]
[Date "2020.12.29"]
[Round "8"]
[White "Anton_Zhukov04"]
[Black "IljaJoke"]
[Result "0-1"]
[WhiteElo "2239"]
[BlackElo "2470"]
[TimeControl "180+1"]
[EndTime "11:27:48 PST"]
[Termination "IljaJoke won by checkmate"]

1. e4 e5 2. Nf3 Nc6 3. Bb5 a6 4. Ba4 Nf6 5. O-O b5 6. Bb3 Bc5 7. c3 d6 8. d4 Bb6 9. Bc2 O-O 10. h3 h6 11. Be3 Re8 12. Nbd2 Bb7 13. d5 Ne7 14.
Qe2 Ng6 15. g3 Bxe3 16. Qxe3 c6 17. dxc6 Bxc6 18. Rad1 Qc7 19. Rfe1 Rad8 20. Nf1 d5 21.
exd5 Nxd5 22. Qc1 Ndf4 23. Rxd8 Rxd8 24. Bxg6 Nxh3+ 25. Kh2 Bxf3 26. Kxh3 fxg6 27. Qe3 e4 28. Nh2 Qd7+ 29. g4 h5 30. Nxf3 Qxg4+ 31. Kh2 exf3 32. Qe6+ Qxe6 33. Rxe6 Rd2 34. Kg3 Rxb2 35. Rxa6 Kf7 36. Kxf3 Rc2 37. Ra3 Kf6 38. Rb3 g5 39. Kg2 g4 40. Rxb5 Kg6 41. a4 Rxc3 42. a5 Ra3 43. Rc5 h4 44. Rb5 Ra2 45. Kg1 Kf6 46. Rc5 g5 47.
Rb5 Kg6 48. Rc5 Kh5 49. Rb5 h3 50. Rc5 Kh4 51. Rb5 g3 52. Rb4+ g4 53. fxg3+ Kxg3 54. Rb3+ Kh4 55. a6 Rxa6 56. Rb1 Ra4 57. Kh1 g3 58. Kg1 Kg4 59. Kh1 Rf4 60. Kg1 Rd4 61. Kh1 Re4 62. Kg1 Rf4 63. Kh1 g2+ 64. Kg1 Rf1+ 65. Rxf1 Kg3 66. Rf2 h2# 0-1

[Event "*** Titled Tuesday Blitz"]
[Site "Chess.com"]
[Date "2020.12.29"]
[Round "8"]
[White "FlySooHigh"]
[Black "Nadeev_Sergey"]
[Result "1-0"]
[WhiteElo "2665"]
[BlackElo "2478"]
[TimeControl "180+1"]
[EndTime "11:27:49 PST"]
[Termination "FlySooHigh won on time"]

1. e4 e5 2. Nf3 Nc6 3. Bc4 Nf6 4. d3 Bc5 5. c3 O-O 6. O-O d5 7.
exd5 Nxd5 8. Re1 Bg4 9. h3 Bh5 10. Nbd2 a5 11. Ne4 Bb6 12. Ng3 Bg6 13. Bb5 Re8 14.
Bxc6 bxc6 15. Rxe5 Qd6 16. d4 Rxe5 17. Nxe5 c5 18. Nc4 Qe6 19. Nxb6 cxb6 20. dxc5 bxc5 21.
Bd2 a4 22. Qf3 Rd8 23. Re1 Qd7 24. Bc1 c4 25. h4 Bd3 26. h5 h6 27. Kh2 a3 28. Kg1 axb2 29. Bxb2 Nf6 30. Bc1 Re8 31.
Rxe8+ Qxe8 32. Bxh6 Qe1+ 33. Kh2 Qxc3 34. Bg5 1-0

[Event "*** Titled Tuesday Blitz"]
[Site "Chess.com"]
[Date "2020.12.29"]
[Round "8"]
[White "arctic_t00"]
[Black "Semen_Khanin"]
[Result "0-1"]
[WhiteElo "2625"]
[BlackElo "2796"]
[TimeControl "180+1"]
[EndTime "11:27:50 PST"]
[Termination "Semen_Khanin won on time"]

1. d4 Nf6 2. Nf3 g6 3. Nbd2 Bg7 4. e4 d6 5. Bb5+ c6 6. Bd3 O-O 7. O-O b5 8. a4 b4 9. c3 a5 10. Re1 Ba6 11. Qe2 Nfd7 12. cxb4 axb4 13. Nb3 c5 14. Be3 cxd4 15. Bxd4 Bxd4 16. Nbxd4 Bxd3 17. Qxd3 Nc5 18. Qc4 Qa5 19. b3 Qa6 20. Nb5 Rc8 21. Rac1 Nbd7 22.
Qd5 Nf6 23. Qd4 Nxb3 24. Rxc8+ Rxc8 25. Qxb4 Nc5 26. Ra1 Ncxe4 27. h3 Rc2 28. Rf1 e5 29. Ne1 Ra2 30. f3 Qb6+ 31. Kh2 Nd2 32. Rg1 Qc5 33. Qxc5 dxc5 34. Nd3 Nxf3+ 0-1

[Event "*** Titled Tuesday Blitz"]
[Site "Chess.com"]
[Date "2020.12.29"]
[Round "8"]
[White "ChrisTool2"]
[Black "Margency"]
[Result "0-1"]
[WhiteElo "2370"]
[BlackElo "2590"]
[TimeControl "180+1"]
[EndTime "11:27:50 PST"]
[Termination "Margency won on time"]

1. d4 d5 2. c4 e6 3. Nf3 c5 4.
Nc3 Nf6 5. e3 a6 6. cxd5 exd5 7.
Be2 Nc6 8. O-O Bd6 9. dxc5 Bxc5 10. Na4 Ba7 11. b3 O-O 12. Bb2 Bg4 13. Bxf6 Qxf6 14.
Qxd5 Rad8 15. Qe4 Bh5 16. Rfd1 Rfe8 17. Qc2 Rc8 18. Rac1 h6 19. Qb2 Qe7 20. Nc3 Qf6 21. Qd2 Bb8 22. Nd5 Qf5 23. Qd3 Qxd3 24. Bxd3 Ne5 25.
Be2 Rxc1 26. Rxc1 Rd8 27. e4 Bxf3 28. gxf3 Kf8 29. Kf1 Ng6 30. f4 Bxf4 0-1

[Event "*** Titled Tuesday Blitz"]
[Site "Chess.com"]
[Date "2020.12.29"]
[Round "8"]
[White "lamomiablanca"]
[Black "arna"]
[Result "0-1"]
[WhiteElo "2268"]
[BlackElo "2149"]
[TimeControl "180+1"]
[EndTime "11:27:50 PST"]
[Termination "arna won by checkmate"]

1. e4 e6 2. d4 d5 3. Nd2 Nf6 4. e5 Nfd7 5. Bd3 c5 6. c3 Nc6 7. Ngf3 Be7 8. O-O cxd4 9. cxd4 g5 10. h3 h5 11. Qe2 g4 12. hxg4 hxg4 13. Ne1 Nxd4 14. Qxg4 Nc6 15. Ndf3 Ndxe5 16. Nxe5 Nxe5 17. Qg3 Nxd3 18. Nxd3 Bd6 19. Bf4 Bxf4 20. Qxf4 Qh4 21. Qxh4 Rxh4 22. Rac1 Kd8 23. g3 Rh7 24. Kg2 Bd7 25.
Ne5 Rc8 26. Rh1 Rxh1 27. Rxh1 Ke7 28. Rh7 Be8 29. Ng6+ Kf6 30. Nf4 Rc2 31. Rh6+ Ke7 32. Nd3 Rd2 33. Ne5 Rxb2 34. g4 Rxa2 35. g5 Re2 36.
Nf3 Bc6 37. Kf1 Ra2 38. Rh7 Bb5+ 39. Kg2 Bd3 40. Rg7 Be4 41. Kg3 Ra3 42. g6 Rxf3+ 43. Kg4 Rf6 44. gxf7 Rxf7 45. Rg8 a6 46. Ra8 d4 47.
Ra7 e5 48. f3 Rxf3 49. Ra8 Rf4+ 50. Kg3 Kd6 51. Rd8+ Kc5 52. Re8 Rf5 53. Rc8+ Kb4 54. Rc1 d3 55. Re1 Kc3 56. Rxe4 d2 57. Re3+ Kc2 58.
Re4 d1=Q 59. Rc4+ Kd3 60. Rd4+ Kxd4 61. Kh4 Rf8 62. Kg5 Qg1+ 63. Kh6 Rh8# 0-1

[Event "*** Titled Tuesday Blitz"]
[Site "Chess.com"]
[Date "2020.12.29"]
[Round "8"]
[White "Eloist"]
[Black "zajka-molotok"]
[Result "0-1"]
[WhiteElo "2349"]
[BlackElo "2491"]
[TimeControl "180+1"]
[EndTime "11:27:51 PST"]
[Termination "zajka-molotok won on time"]

1. e4 c5 2. Nf3 e6 3. d4 cxd4 4. Nxd4 Nc6 5. Nc3 Qc7 6. Be3 a6 7. Bd3 Nf6 8. O-O d6 9. f4 Be7 10. Qf3 O-O 11. Rae1 Nb4 12. Kh1 Nxd3 13. cxd3 b5 14.
Rc1 Qd7 15. e5 Bb7 16. Qh3 dxe5 17. fxe5 Nd5 18. Ne4 Nxe3 19. Qxe3 Rac8 20. Nb3 Rxc1 21. Rxc1 Rc8 22. Rxc8+ Qxc8 23. Nec5 Bd5 24. h3 a5 25. d4 a4 26. Nc1 h6 27. a3 Bg5 28.
Qg1 Qc6 29. N1d3 Bc4 30. Nb4 Qc8 31. Qf2 Qd8 32. Kg1 Bc1 33. Ne4 Bd5 34. Nd6 f6 35. Qc2 Be3+ 36. Kh1 Bxd4 0-1

[Event "*** Titled Tuesday Blitz"]
[Site "Chess.com"]
[Date "2020.12.29"]
[Round "8"]
[White "Evgeny81"]
[Black "VerdeNotte"]
[Result "0-1"]
[WhiteElo "2731"]
[BlackElo "2894"]
[TimeControl "180+1"]
[EndTime "11:27:52 PST"]
[Termination "VerdeNotte won on time"]

1. c4 g6 2. Nf3 Bg7 3. d4 Nf6 4. Nc3 O-O 5. e4 d6 6. h3 e5 7.
d5 a5 8. g4 Na6 9. Be3 Kh8 10. Rg1 Ng8 11. Bd3 f5 12. gxf5 gxf5 13. exf5 Bxf5 14. Bxf5 Rxf5 15. Ng5 Bh6 16. Qg4 Qf6 17.
Nce4 Qg6 18. O-O-O Re8 19. h4 Rf4 20. Bxf4 exf4 21. h5 Qg7 22. Ne6 Qe5 23. N4g5 Qf6 24.
Qxf4 Rxe6 25. Qxf6+ Rxf6 26. Kb1 Nc5 27. Rde1 Bxg5 28.
Rxg5 Rf8 29. Re3 h6 30. Rgg3 Kh7 31. Rgf3 Nf6 32. Re7+ Kh8 33. Rxc7 Nce4 34. Re7 Nd2+ 0-1

[Event "*** Titled Tuesday Blitz"]
[Site "Chess.com"]
[Date "2020.12.29"]
[Round "8"]
[White "Itk04"]
[Black "The_filthy"]
[Result "1-0"]
[WhiteElo "2460"]
[BlackElo "2296"]
[TimeControl "180+1"]
[EndTime "11:27:52 PST"]
[Termination "Itk04 won by resignation"]

1. e4 d5 2. exd5 Qxd5 3. Nc3 Qe6+ 4. Qe2 Qg6 5. Qe4 Qxe4+ 6. Nxe4 Nc6 7. Nf3 Bf5 8. d3 Nf6 9. Ng3 Bd7 10. Be2 h6 11.
O-O O-O-O 12. Bd2 e5 13. Bc3 Bd6 14. Ne4 Nxe4 15. dxe4 g5 16. Rfd1 f6 17. a3 h5 18.
Nd2 g4 19. Nc4 Be7 20. Ne3 Rdg8 21. Bc4 Rg5 22. Rd3 h4 23. Rad1 Bd6 24. Bb5 g3 25. fxg3 hxg3 26. h3 a6 27. Ba4 b5 28. Bb3 Nd4 29. Bxd4 exd4 30. Rxd4 Bc5 31. Rxd7 Bxe3+ 32. Kf1 f5 33. Ke2 f4 34. Be6 Kb8 35. Rd8+ Rxd8 36. Rxd8+ Ka7 37. Bd5 c6 38. Bxc6 Rc5 39. Bd5 Rxc2+ 40.
Kf3 Rf2+ 41. Kg4 Rxg2 42. Rd7+ Kb8 43. e5 Rxb2 44. e6 g2 45. e7 g1=Q+ 46. Kf5 Qb1+ 47. Be4 1-0

[Event "*** Titled Tuesday Blitz"]
[Site "Chess.com"]
[Date "2020.12.29"]
[Round "8"]
[White "12teen"]
[Black "vlad_Sid"]
[Result "1-0"]
[WhiteElo "2777"]
[BlackElo "2585"]
[TimeControl "180+1"]
[EndTime "11:27:53 PST"]
[Termination "12teen won by resignation"]

1. g3 d5 2. Bg2 Bg4 3. d3 Nd7 4.
Bxd5 c6 5. Bg2 Ngf6 6. h3 Bh5 7. f4 e6 8. g4 Bg6 9. Nc3 Bc5 10. e3 h5 11. g5 Nd5 12. Nxd5 cxd5 13. Nf3 Rc8 14. Qe2 Qb6 15. Nh4 O-O 16. Nxg6 fxg6 17. O-O Kh7 18. d4 Bd6 19. c3 Qc6 20. e4 Nb6 21. f5 exf5 22. exf5 Bb8 23. f6 Rce8 24. Qd3 gxf6 25. gxf6 Rxf6 26. Bg5 Rxf1+ 27. Rxf1 Qe6 28. Rf6 Qe1+ 29.
Bf1 Qe4 30. Qxe4 dxe4 31. Rf7+ Kg8 32. Rxb7 Bg3 33. Kg2 Be1 34. Rxa7 e3 35. Be2 Bd2 36. Rb7 Re6 37. a4 Kf8 38. a5 Nd5 39. a6 Bc1 40. a7 Re8 41. Rb8 Nc7 42. Rxe8+ Kxe8 43. Bf4 Na8 44. b4 Kd7 45. b5 Nb6 46. c4 Bd2 47. c5 Na8 48. b6 g5 49. Bxg5 Kc6 50. Bf3+ Kb5 51. Bxa8 e2 52. Bxd2 1-0